 Dungeon Crawl Stone Soup version 0.23.2-33-g5129a83184 (console) character file.

Game seed: 10864122115806384687

2545542 FlyingSalmon the Slayer (level 27, 196/196 HPs)
             Began as a Gargoyle Fighter on July 30, 2019.
             Was the Champion of Zin.
             Escaped with the Orb
             ... and 5 runes on Aug 1, 2019!
             The game lasted 08:35:48 (105213 turns).

FlyingSalmon the Slayer (Gargoyle Fighter)        Turns: 105213, Time: 08:35:49

Health: 196/196    AC: 68    Str: 44    XL:     27
Magic:  38/38      EV: 18    Int: 16    God:    Zin [******]
Gold:   4093       SH: 40    Dex: 16    Spells: 26/26 levels left

rFire    + + +     SeeInvis +   b - +9 sacred scourge (holy)
rCold    + + +     Gourm    .   N - +10 large shield of Ignorance {rN+ Int-4}
rNeg     + + +     Faith    .   S - +12 gold dragon scales
rPois    ∞         Spirit   .   B - +0 hat "Muroh" {rPois rN+}
rElec    +         Reflect  .   Y - +2 cloak of Imperfection {rF+ Str+4}
rCorr    +         Harm     .   m - +2 pair of gloves {Str+3}
MR       +++..                  y - +2 pair of boots
Stlth    ..........             u - amulet "Ipnisom" {Acrobat Fragile rF+ MR+ Slay+3}
HPRegen  0.42/turn              O - ring of Qazlal's Indignation {Wiz rC++ Dex-2 Slay+5 SInv}
MPRegen  0.26/turn              h - ring of resist corrosion

@: vitalised, flying
A: big wings, negative energy resistance 1, electricity resistance, unbreathing,
petrification resistance, rot immunity, AC +20
0: Orb of Zot
}: 5/15 runes: decaying, slimy, silver, abyssal, gossamer
a: Stop Flying, Recite, Vitalisation, Imprison, Sanctuary, Donate Gold, Renounce
Religion


You escaped.
You worshipped Zin.
Zin was exalted by your worship.
You were not hungry.

You visited 12 branches of the dungeon, and saw 58 of its levels.
You visited the Abyss 8 times.
You also visited: Trove and Bailey.

You collected 9498 gold pieces.
You spent 4828 gold pieces at shops.
You donated 577 gold pieces to Zin.

Inventory:

Hand Weapons
 a - a +9 eveningstar of freezing
 b - a +9 sacred scourge of holy wrath (weapon)
Missiles
 o - 1430 stones
 p - a throwing net
 r - 3 steel javelins
 t - 24 javelins of penetration
 E - 10 javelins (quivered)
 K - 10 tomahawks of returning
Armour
 m - a +2 pair of gloves of strength (worn)
 y - a +2 pair of boots (worn)
 B - the +0 hat "Muroh" (worn) {rPois rN+}
   (You acquired it on level 3 of the Depths)

   It protects you from poison.
   It protects you from negative energy.
 N - the +10 large shield of Ignorance (worn) {rN+ Int-4}
   (You took it off an orc in a bailey)

   It affects your intelligence (-4).
   It protects you from negative energy.
 S - +12 gold dragon scales (worn)
 Y - the +2 cloak of Imperfection (worn) {rF+ Str+4}
   (You found it in a treasure trove)

   It affects your strength (+4).
   It protects you from fire.
Jewellery
 h - a ring of resist corrosion (right hand)
 n - an uncursed ring of protection from fire
 u - the amulet "Ipnisom" (around neck) {Acrobat Fragile rF+ MR+ Slay+3}
   (You took it off a deep elf annihilator on level 3 of the Elven Halls)

   [amulet of the acrobat]

   It helps you evade while moving and waiting.
   It affects your accuracy and damage with ranged weapons and melee attacks
   (+3).
   It protects you from fire.
   It affects your resistance to hostile enchantments.
   It will be destroyed if unequipped.
 O - the ring of Qazlal's Indignation (left hand) {Wiz rC++ Dex-2 Slay+5 SInv}
   (You found it on level 5 of the Pits of Slime)

   [ring of wizardry]

   It improves your spell success rate.
   It affects your dexterity (-2).
   It affects your accuracy and damage with ranged weapons and melee attacks
   (+5).
   It greatly protects you from cold.
   It lets you see invisible.
 W - an uncursed ring of resist corrosion
 X - an uncursed ring of protection from magic
Wands
 e - a wand of paralysis (40)
 w - a wand of disintegration (39)
 x - a wand of acid (38)
 H - a wand of iceblast (60)
 J - a wand of digging (16)
 T - a wand of enslavement (34)
 U - a wand of flame (63)
Scrolls
 c - 8 scrolls of magic mapping
 g - 4 scrolls of identify
 i - 32 scrolls of remove curse
 j - 35 scrolls of teleportation
 v - 4 scrolls of summoning
 z - 7 scrolls of fear
 D - a scroll of enchant armour
 G - 6 scrolls of fog
 L - 9 scrolls of blinking
 M - 2 scrolls of holy word
 P - 4 scrolls of silence
 Q - a scroll of brand weapon
Potions
 d - 6 potions of might
 k - 31 potions of curing
 l - 10 potions of heal wounds
 q - 3 potions of magic
 s - 6 potions of berserk rage
 A - 4 potions of resistance
 C - 6 potions of agility
 F - 11 potions of haste
 I - a potion of cancellation
 V - 4 potions of mutation
 Z - 9 potions of ambrosia
Comestibles
 f - 51 rations


   Skills:
 + Level 26.1 Fighting
 + Level 21.5 Maces & Flails
 + Level 15.5 Throwing
 + Level 21.4 Armour
 + Level 14.7 Dodging
 - Level 25.0 Shields
 + Level 22.9 Invocations


You had 26 spell levels left.
You didn't know any spells.
Your spell library contained the following spells:

 Spells                   Type           Power        Failure   Level  Hunger
 Animate Skeleton         Necr           N/A          41%         1    ##.....
 Apportation              Tloc           #.....       41%         1    ##.....
 Beastly Appendage        Tmut           #.....       41%         1    ##.....
 Confusing Touch          Hex            #.....       41%         1    ##.....
 Corona                   Hex            #......      41%         1    ##.....
 Flame Tongue             Conj/Fire      #....        41%         1    ##.....
 Freeze                   Ice            #...         41%         1    ##.....
 Infusion                 Chrm           #...         41%         1    ##.....
 Magic Dart               Conj           #...         41%         1    ##.....
 Pain                     Necr           #...         41%         1    ##.....
 Shock                    Conj/Air       #...         41%         1    ##.....
 Summon Butterflies       Summ           #.......     41%         1    ##.....
 Summon Small Mammal      Summ           #...         41%         1    ##.....
 Blink                    Tloc           N/A          52%         2    ###....
 Call Imp                 Summ           #.......     52%         2    ###....
 Corpse Rot               Necr           N/A          52%         2    ###....
 Ensorcelled Hibernation  Hex/Ice        #.....       52%         2    ###....
 Searing Ray              Conj           #.....       52%         2    ###....
 Shroud of Golubria       Chrm/Tloc      #.........   52%         2    ###....
 Slow                     Hex            #.......     52%         2    ###....
 Song of Slaying          Chrm           #.......     52%         2    ###....
 Sticks to Snakes         Tmut           #.......     52%         2    ###....
 Swiftness                Chrm/Air       #.......     52%         2    ###....
 Throw Flame              Conj/Fire      #.....       52%         2    ###....
 Throw Frost              Conj/Ice       #.....       52%         2    ###....
 Call Canine Familiar     Summ           #.......     77%         3    ####...
 Confuse                  Hex            #.......     77%         3    ####...
 Conjure Flame            Conj/Fire      #.......     77%         3    ####...
 Dazzling Spray           Conj/Hex       #.....       77%         3    ####...
 Gell's Gravitas          Tloc           #.........   77%         3    ####...
 Ignite Poison            Fire/Tmut/Pois #.......     77%         3    ####...
 Inner Flame              Hex/Fire       #.......     77%         3    ####...
 Mephitic Cloud           Conj/Pois/Air  #.......     77%         3    ####...
 Ozocubu's Armour         Chrm/Ice       #.......     77%         3    ####...
 Portal Projectile        Hex/Tloc       #.....       77%         3    ####...
 Recall                   Summ/Tloc      N/A          77%         3    ####...
 Regeneration             Chrm/Necr      #.........   77%         3    ####...
 Spectral Weapon          Hex/Chrm       #.......     77%         3    ####...
 Spider Form              Tmut/Pois      #.........   77%         3    ####...
 Static Discharge         Conj/Air       #.......     77%         3    ####...
 Tukima's Dance           Hex            #.......     77%         3    ####...
 Vampiric Draining        Necr           #.........   77%         3    ####...
 Airstrike                Air            #.........   98%         4    #####..
 Animate Dead             Necr           N/A          98%         4    #####..
 Cause Fear               Hex            #.........   98%         4    #####..
 Force Lance              Conj/Tloc      #.......     98%         4    #####..
 Fulminant Prism          Conj/Hex       #.........   98%         4    #####..
 Ice Form                 Ice/Tmut       #.......     98%         4    #####..
 Iskenderun's Mystic Bla  Conj           #.......     98%         4    #####..
 Leda's Liquefaction      Hex/Erth       #.........   98%         4    #####..
 Olgreb's Toxic Radiance  Pois           #.......     98%         4    #####..
 Petrify                  Tmut/Erth      #.......     98%         4    #####..
 Sticky Flame             Conj/Fire      #.......     98%         4    #####..
 Summon Ice Beast         Ice/Summ       #.......     98%         4    #####..
 Throw Icicle             Conj/Ice       #.......     98%         4    #####..
 Aura of Abjuration       Summ           #.........   100%        5    ######.
 Blade Hands              Tmut           #.........   100%        5    ######.
 Bolt of Magma            Conj/Fire/Erth #.........   100%        5    ######.
 Borgnjor's Vile Clutch   Necr/Erth      #.........   100%        5    ######.
 Fireball                 Conj/Fire      #.........   100%        5    ######.
 Irradiate                Conj/Tmut      #.........   100%        5    ######.
 Lightning Bolt           Conj/Air       #.........   100%        5    ######.
 Metabolic Englaciation   Hex/Ice        #.........   100%        5    ######.
 Silence                  Hex/Air        #.........   100%        5    ######.
 Summon Demon             Summ           #.........   100%        5    ######.
 Summon Forest            Summ/Tloc      #.........   100%        5    ######.
 Summon Mana Viper        Hex/Summ       #.......     100%        5    ######.
 Yara's Violent Unravell  Hex/Tmut       #.........   100%        5    ######.
 Bolt of Cold             Conj/Ice       #.........   100%        6    #######
 Death Channel            Necr           #.........   100%        6    #######
 Deflect Missiles         Chrm/Air       #.........   100%        6    #######
 Freezing Cloud           Conj/Ice/Air   #.........   100%        6    #######
 Hydra Form               Tmut           #.........   100%        6    #######
 Iron Shot                Conj/Erth      #.........   100%        6    #######
 Ozocubu's Refrigeration  Ice            #.........   100%        6    #######
 Shadow Creatures         Summ           N/A          100%        6    #######
 Simulacrum               Ice/Necr       #.........   100%        6    #######
 Dragon Form              Tmut           #.........   100%        7    #######
 Orb of Destruction       Conj           #.........   100%        7    #######
 Summon Hydra             Summ           #.........   100%        7    #######
 Death's Door             Chrm/Necr      #.........   100%        8    #######
 Discord                  Hex            #.........   100%        8    #######
 Ignition                 Fire           #.........   100%        8    #######
 Shatter                  Erth           #.........   100%        9    #######
 Statue Form              Tmut/Erth      Unusable     N/A         6    N/A

Dungeon Overview and Level Annotations

Branches:
Dungeon (15/15)            Temple (1/1) D:7            Lair (6/6) D:10
  Swamp (4/4) Lair:4       Spider (4/4) Lair:4        Slime (5/5) Lair:5
    Orc (2/2) D:12            Elf (3/3) Orc:2        Vaults (5/5) D:13
  Crypt (3/3) Vaults:2       Tomb (0/3) Crypt:3      Depths (5/5) D:15
    Zot (5/5) Depths:5

Altars:
Ashenzari
Cheibriados
Dithmenos
Elyvilon
Fedhas
Gozag
Hepliaklqana
Kikubaaqudgha
Makhleb
Nemelex Xobeh
Okawaru
Qazlal
Ru
Sif Muna
Trog
Uskayaw
Vehumet
Wu Jian
Xom
Yredelemnul
Zin
The Shining One
Beogh
Jiyva
Lugonu

Shops:
D:7 [   D:8 !   D:12 *   D:14 :*   Orc:2 *([=   Elf:1 ?   Depths:1 *
Depths:3 }}=   Depths:4 !

Portals:
Hell: Depths:1 Depths:2 Depths:3 Depths:4 Depths:5
Abyss: Depths:2 Depths:4
Pandemonium: Depths:3 Depths:4
Ziggurat: Depths:4

Annotations:
Lair:4 exclusion: 2 oklob plants
Swamp:1 exclusion: Roxanne, Roxanne


Innate Abilities, Weirdness & Mutations

You are resistant to torment.
Your stone body is resilient. (AC +20)
You are immune to poison.
Your large and strong wings let you fly indefinitely.
You resist negative energy. (rN+)
You are resistant to electric shocks. (rElec)
You can survive without breathing.
You are immune to petrification.
You are immune to rotting.


Message History

"...were purified for their doubt!"
You finish reciting Ablutions 15:55.
You see here a +0 club.
The Orb Guardian is lost in a daze.
The Orb Guardian completely misses you.
You punish the Orb Guardian, causing immense pain!!!!
The Orb Guardian is almost dead.
The Orb Guardian is no longer dazed.
You block the Orb Guardian's attack.
You thrash the Orb Guardian!!
You kill the Orb Guardian!
No target in view!
No target in view!
(D) Dungeon (T) Temple (L) Lair (S) Swamp (N) Spider Nest (M) Slime Pits (O) Orcish Mines (E) Elven Halls (V) Vaults (C) Crypt (W) Tomb (U) Depths (H) Hell (Z) Zot
Where to? (Enter - D:1 @ (x,y), ? - help) Magic restored.
You are ready to recite again.
There is a staircase leading out of the dungeon here.
You have escaped!

......##....#....##.##..#.#......
#.....###.#####.###.............#
#..#### #.# #.# #.##..##......#
#..# #.# #.###.##..##......#
#..######.# #..................
#...).....# ##########...........
#.###########...#....##.##...#..#
..# ##...........#####..#..# ###
##...#..@..#...## #..#..# #
##...###...###...###..#..# ##
##...## ##### ##...##...... .#
##...## #...# ##...##..... .#
##...######.#.######...##.... .#
#..#........#........#..#.... .#
#.##.#..###.#.##...#.##.#....
.####.#..###.#..#.##.###..#.#>...
....#........)..............#.#.#


There were no monsters in sight!

Vanquished Creatures
  the Royal Jelly (Slime:5)
  Dissolution (Slime:4)
  Mara (Swamp:3)
  11 ancient liches
  3 orbs of fire
  Saint Roka (Orc:1)
  2 Killer Klowns (Zot:5)
  Frederick (Vaults:4)
  Bai Suzhen (Swamp:3)
  2 curse toes
  3 caustic shrikes (Depths:5)
  12 golden dragons
  2 profane servitors
  9 bone dragons
  Arachne (Spider:1)
  Jorgrun (Swamp:1)
  2 electric golems (Zot:5)
  A Brimstone Fiend (Depths:4)
  A hellephant (Abyss:1)
  2 Hell Sentinels
  26 Orb Guardians
  18 tentacled monstrosities
  6 liches
  3 deep elf blademasters
  6 titans
  A deep elf master archer (Elf:3)
  The ghost of BadLuckGaucho the Imperceptible, an adept NaIE of Cheibriados (Elf:1)
  7 quicksilver dragons
  33 acid blobs
  3 Executioners
  4 ancient champions
  Frances (Swamp:1)
  Gastronok (Lair:1)
  10 death cobs
  12 tentacled starspawn
  8 sphinxes
  A thorn hunter (Swamp:2)
  10 tengu reavers
  9 shadow dragons
  24 azure jellies
  15 storm dragons
  10 fire giants
  5 draconian monks
  2 revenants
  Donald (Swamp:1)
  7 deep elf sorcerers
  8 ghost moths
  5 frost giants
  6 emperor scorpions
  An iron dragon (Vaults:4)
  A juggernaut zombie (Crypt:2)
  12 draconian scorchers
  15 vault wardens
  2 curse skulls
  A cacodemon (D:3)
  17 draconian knights
  5 draconian shifters
  4 ghouls
  3 angels
  3 draconian stormcallers
  3 deep elf elementalists
  4 entropy weavers
  2 war gargoyles
  14 ironheart preservers
  30 very ugly things
  6 draconian annihilators
  29 stone giants
  20 green draconians
  Nessos (Lair:6)
  7 vampire knights
  12 deep elf demonologists
  12 red draconians
  10 yellow draconians
  18 black draconians
  5 eidola
  7 deep elf annihilators
  11 white draconians
  16 purple draconians
  10 deep elf death magi
  5 spark wasps
  Snorg (Lair:6)
  13 ettins
  Josephine (D:12)
  3 merfolk javelineers (Depths:5)
  18 fire dragons
  A green death (Abyss:1)
  A mummy priest (Crypt:1)
  21 jiangshi
  7 yaktaur captains
  19 great orbs of eyes
  A quicksilver dragon zombie (Crypt:3)
  13 death oozes
  5 deep elf high priests
  11 ogre magi
  4 rakshasas
  Erolcha (D:11)
  35 vault guards
  A monstrous demonspawn (Depths:4)
  8 ice dragons
  A hell beast (Depths:3)
  28 large abominations
  14 hydras
  3 ghost crabs (Swamp:4)
  9 centaur warriors
  A caustic shrike simulacrum (Depths:2)
  17 alligators
  2 spriggan air magi
  6 death knights
  19 dancing weapons
  7 vampire magi
  7 shambling mangroves
  3 tengu warriors
  4 orc high priests
  3 death yaks
  29 two-headed ogres
  8 deep troll earth magi
  6 deep troll shamans
  A titan zombie (Crypt:2)
  Urug (D:12)
  A hell hog (Depths:2)
  19 deep elf knights
  3 soul eaters
  5 thrashing horrors
  Sonja (Lair:1)
  A shock serpent (shapeshifter) (Elf:3)
  5 spriggan berserkers
  11 hell knights
  Nergalle (Lair:1)
  2 spatial maelstroms (Abyss:3)
  4 sun demons
  8 wretched stars
  6 sixfirhies
  26 skeletal warriors
  3 iron trolls
  A salamander mystic (Depths:2)
  A quicksilver dragon simulacrum (Crypt:3)
  21 deep trolls
  4 shadow demons
  2 swamp dragons
  24 deep elf archers
  5 glowing orange brains
  4 shadow wraiths (Crypt:3)
  4 unseen horrors
  A spriggan druid (Swamp:4)
  11 flayed ghosts
  6 wizards
  33 starcursed masses
  An obsidian statue (Depths:1)
  4 spectral hydras (Swamp:4)
  2 golden dragon skeletons
  16 phantasmal warriors
  6 harpies
  11 ironbrand convokers
  A wolf spider zombie (Abyss:1)
  7 necromancers
  18 orb spiders
  A frost giant zombie (Crypt:2)
  78 deep elf magi
  40 ugly things
  An anaconda skeleton (Abyss:5)
  A wolf spider (shapeshifter) (Vaults:4)
  A lindwurm (Lair:6)
  5 cyclopes
  37 wolf spiders
  An orb spider (shapeshifter) (Vaults:3)
  25 orc knights
  12 shining eyes
  A draconian (Abyss:5)
  6 orc sorcerers
  A stone giant zombie (Depths:1)
  26 moths of wrath
  6 worldbinders
  9 manticores
  9 black mambas
  2 spriggan zombies
  A toenail golem (Depths:1)
  2 salamanders (Depths:2)
  A shadow dragon skeleton (Crypt:2)
  A frost giant skeleton (Abyss:1)
  A fire giant skeleton (Vaults:1)
  A rust devil (Depths:3)
  2 stone giant skeletons
  13 elephants
  8 smoke demons
  3 apocalypse crabs
  A human skeleton (Vaults:1)
  20 vault sentinels
  A torpor snail (shapeshifter) (Depths:3)
  2 eyes of devastation
  A spriggan skeleton (Depths:2)
  A spiny frog (shapeshifter) (Vaults:2)
  6 torpor snails
  23 spiny frogs
  8 orange demons
  2 kobold demonologists (Crypt:1)
  2 dire elephant skeletons
  A gargoyle (D:13)
  9 freezing wraiths
  5 spectral swamp worms
  A spark wasp simulacrum (Depths:3)
  A grey draconian zombie (Crypt:1)
  A hellion (Abyss:3)
  A green draconian zombie (Crypt:1)
  2 swamp worm zombies (Swamp:4)
  13 demonic crawlers
  A pale draconian zombie (Crypt:1)
  2 rime drakes
  16 komodo dragons
  2 efreet
  45 yaktaurs
  A komodo dragon (shapeshifter) (Depths:5)
  A tormentor (Abyss:5)
  2 ice devils (Depths:1)
  11 ancient zymes
  A grey draconian skeleton (Crypt:2)
  2 hydra zombies (Swamp:4)
  A minotaur skeleton (Crypt:1)
  5 tengu conjurers
  3 polar bears
  3 red devils
  6 hellwings
  4 merfolk (shapeshifter)
  A polar bear (shapeshifter) (Elf:2)
  A silent spectre (Abyss:1)
  27 jumping spiders
  6 trolls
  A tengu simulacrum (Vaults:1)
  22 hornets
  A troll (shapeshifter) (Vaults:3)
  2 tyrant leeches (Swamp:3)
  A wind drake (shapeshifter) (Depths:2)
  A wolf spider simulacrum (Vaults:1)
  Grinder (D:6)
  A hornet (shapeshifter) (Vaults:1)
  14 hippogriffs
  10 bog bodies
  29 raiju
  Prince Ribbit (Lair:1)
  3 alligator zombies (Swamp:4)
  A harpy skeleton (D:15)
  A fire dragon zombie (Crypt:1)
  2 raiju (shapeshifter) (D:13)
  124 slime creatures
  27 blink frogs
  5 dream sheep
  A spectral swamp dragon (Swamp:4)
  A stone giant simulacrum (Abyss:1)
  2 air elementals (Elf:3)
  32 flying skulls
  33 tarantellas
  A wyvern (shapeshifter) (Vaults:5)
  69 redbacks
  4 shadows
  A black mamba zombie (Abyss:1)
  A vampire (D:13)
  An ice dragon skeleton (Depths:1)
  A redback (shapeshifter) (Elf:2)
  6 spriggans
  A tarantella (shapeshifter) (Vaults:5)
  11 wyverns
  14 wraiths
  5 ynoxinuls
  Sigmund (D:3)
  3 fire bats (Abyss:1)
  A spriggan (shapeshifter) (Depths:4)
  A basilisk (shapeshifter) (Vaults:4)
  A human (shapeshifter) (Elf:3)
  A fire bat (shapeshifter) (Vaults:1)
  43 yaks
  Grum (D:9)
  2 fire elementals
  12 water elementals
  10 golden eyes
  26 small abominations
  2 steam dragons (Lair:6)
  8 basilisks
  A hungry ghost (D:14)
  21 vampire mosquitoes
  7 neqoxecs
  4 chaos spawn
  20 insubstantial wisps
  10 wargs
  13 spatial vortices
  4 acid dragons
  21 swamp worms
  An orb spider zombie (Crypt:2)
  8 porcupines
  11 hell hounds
  12 swamp drakes
  26 water moccasins
  2 floating eyes
  An infernal demonspawn skeleton (Crypt:2)
  A two-headed ogre skeleton (Crypt:1)
  49 orc warriors
  2 black bears
  A hornet zombie (D:12)
  34 ogres
  5 swamp dragon zombies (Swamp:4)
  2 sky beasts
  3 ice beasts
  9 eyes of draining
  A dream sheep zombie (Crypt:2)
  4 phantoms
  An eye of draining (shapeshifter) (Abyss:3)
  11 necrophages
  2 boggarts (Crypt:1)
  18 wolves
  32 centaurs
  A boggart (shapeshifter) (Vaults:4)
  18 crocodiles
  4 big kobolds
  A yaktaur zombie (Crypt:1)
  23 bullfrogs
  2 glowing shapeshifter simulacra (Vaults:2)
  3 earth elementals
  A wyvern zombie (Crypt:2)
  A water moccasin zombie (D:6)
  4 scorpions
  19 wights
  A yak zombie (Crypt:1)
  6 killer bees (D:11)
  An electric eel (Lair:1)
  3 howler monkeys
  3 crimson imps
  3 centaur zombies
  7 quasits
  A demonspawn zombie (Crypt:1)
  2 hounds
  11 jellies
  20 orc priests
  42 orc wizards
  7 centaur skeletons
  4 iron imps
  Jessica (D:2)
  2 spectral swamp drakes (Swamp:4)
  4 iguanas
  6 hell rats (Lair:5)
  7 worker ants
  A killer bee zombie (D:8)
  A deep dwarf zombie (Crypt:1)
  A tengu skeleton (Crypt:3)
  A hound zombie (D:5)
  A worker ant zombie (D:11)
  14 gnolls
  A swamp drake zombie (Swamp:4)
  12 adders
  A steam dragon zombie (Crypt:1)
  A steam dragon skeleton (Crypt:1)
  8 shadow imps
  6 white imps
  9 ufetubi
  A lava snake zombie (Crypt:2)
  An adder skeleton (D:7)
  3 worms (D:2)
  2 dart slugs
  5 leopard geckos
  131 orcs
  5 bats
  4 giant cockroaches
  12 goblins
  7 hobgoblins
  5 jackals
  6 quokkas
  2 ball pythons
  6 frilled lizards
  A goblin zombie (Crypt:2)
  14 kobolds
  A leopard gecko skeleton (D:3)
  A leopard gecko zombie (D:6)
  A quokka skeleton (D:8)
  A quokka zombie (D:8)
  5 rats
  A briar patch (Swamp:2)
  A crawling corpse (Elf:3)
  A fungus (Lair:5)
  5 pillars of salt
  A plant (Lair:5)
  8 starspawn tentacles
3112 creatures vanquished.

Vanquished Creatures (others)
  A deep elf master archer (Elf:3)
  A stone giant (Vaults:3)
  A purple draconian (Zot:3)
  A deep elf high priest (Elf:3)
  6 yaktaur captains
  An ogre mage (Vaults:4)
  5 centaur warriors
  2 deep elf knights (Elf:2)
  A shadow wraith (Vaults:2)
  A sixfirhy (Abyss:1)
  2 deep elf archers
  A cyclops (Vaults:1)
  8 yaktaurs
  A komodo dragon (Lair:6)
  A hornet (Swamp:4)
  A tarantella (Spider:2)
  A water elemental (Abyss:1)
  A redback (Spider:3)
  A chaos spawn (Abyss:1)
  A vampire mosquito (Swamp:4)
  A swamp worm (Swamp:4)
  A water moccasin (Lair:6)
  A floating eye (Depths:3)
  2 ogres
  4 centaurs
  An orc wizard (Vaults:4)
  An orc (Vaults:5)
  A briar patch (Swamp:2)
  A bush (Lair:5)
  17 fungi
  A lurking horror (Abyss:2)
  58 pillars of salt
  37 plants
  40 starspawn tentacles
204 creatures vanquished.

Grand Total: 3316 creatures vanquished

Notes
Turn   | Place    | Note
-------+----------+-------------------------------------------
     0 | D:1      | FlyingSalmon the Gargoyle Fighter began the quest for the
                  | Orb.
     0 | D:1      | Reached XP level 1. HP: 14/14 MP: 1/1
   269 | D:1      | Reached XP level 2. HP: 17/19 MP: 2/2
   959 | D:2      | Reached XP level 3. HP: 22/24 MP: 3/3
  1186 | D:2      | Reached skill level 4 in Fighting
  1343 | D:2      | Found a shattered altar of Ashenzari.
  1364 | D:2      | Reached XP level 4. HP: 28/29 MP: 4/4
  1374 | D:2      | Noticed Jessica
  1525 | D:2      | Killed Jessica
  1922 | D:3      | Reached XP level 5. HP: 32/34 MP: 5/5
  1949 | D:3      | Found a white marble altar of Elyvilon.
  1992 | D:3      | Became a worshipper of Elyvilon the Healer
  2064 | D:3      | Found a transporter.
  2068 | D:3      | Found a transporter.
  2085 | D:3      | Found a snail-covered altar of Cheibriados.
  2085 | D:3      | Found an ornate altar of the Wu Jian Council.
  2132 | D:3      | Found an iron altar of Okawaru.
  2482 | D:3      | Reached * piety under Elyvilon
  2491 | D:3      | Noticed Sigmund
  2515 | D:3      | Killed Sigmund
  2515 | D:3      | Reached XP level 6. HP: 24/40 MP: 6/6
  2942 | D:4      | Found a hide-covered altar of Uskayaw.
  2943 | D:4      | Noticed a +0 dagger
  2946 | D:4      | Noticed a +0 hand axe
  2969 | D:4      | Reached skill level 5 in Fighting
  2969 | D:4      | Reached skill level 5 in Shields
  3188 | D:5      | Entered Level 5 of the Dungeon
  3323 | D:4      | Found a stormy altar of Qazlal.
  3922 | D:4      | Reached XP level 7. HP: 42/44 MP: 7/7
  4106 | D:5      | Reached skill level 5 in Maces & Flails
  4121 | D:5      | Reached ** piety under Elyvilon
  5138 | D:6      | Got a faintly humming chain mail
  5149 | D:6      | Identified the +7 chain mail "Veal" {rC- MR++ Str+4} (You
                  | found it on level 6 of the Dungeon)
  5174 | D:6      | Reached skill level 6 in Fighting
  5174 | D:6      | Reached skill level 1 in Invocations
  5500 | D:6      | Reached XP level 8. HP: 33/51 MP: 9/9
  5794 | D:6      | Found a sparkling altar of Nemelex Xobeh.
  5970 | D:6      | Noticed Grinder
  5971 | D:6      | Paralysed by Grinder for 6 turns
  5988 | D:6      | Paralysed by Grinder for 3 turns
  6005 | D:6      | Paralysed by Grinder for 7 turns
  6016 | D:6      | Killed Grinder
  6526 | D:6      | Reached skill level 7 in Fighting
  6613 | D:6      | Reached XP level 9. HP: 52/57 MP: 8/11
  6764 | D:7      | Found a staircase to the Ecumenical Temple.
  6773 | Temple   | Entered the Ecumenical Temple
  6983 | Temple   | Fell from the grace of Elyvilon
  6983 | Temple   | Became a worshipper of the Shining One
  6983 | Temple   | Reached * piety under the Shining One
  7310 | D:7      | Found Bojuv's Armour Boutique.
  8715 | D:8      | Reached ** piety under the Shining One
  9126 | D:7      | Reached skill level 8 in Fighting
  9191 | D:7      | Reached skill level 5 in Invocations
  9330 | D:7      | Reached XP level 10. HP: 42/64 MP: 13/13
 10490 | D:8      | Found Iqemidue's Distillery.
 10558 | D:9      | Found a blossoming altar of Fedhas.
 10605 | D:9      | Found an ancient bone altar of Kikubaaqudgha.
 10658 | D:9      | Noticed Grum
 10878 | D:9      | Reached skill level 9 in Fighting
 10878 | D:9      | Reached skill level 10 in Maces & Flails
 10880 | D:9      | Noticed a two-headed ogre
 10924 | D:9      | Killed a two-headed ogre
 11288 | D:9      | Found a glowing silver altar of Zin.
 11288 | D:9      | Found a deep blue altar of Sif Muna.
 11616 | D:9      | Reached XP level 11. HP: 71/71 MP: 15/15
 11713 | D:10     | Entered Level 10 of the Dungeon
 11836 | D:10     | Reached *** piety under the Shining One
 11879 | D:10     | Found a staircase to the Lair.
 12305 | D:10     | Found a flagged portal.
 12338 | Bailey   | Entered a bailey
 12936 | Bailey   | Noticed an orc knight
 12983 | Bailey   | Killed an orc knight
 13318 | D:10     | Noticed a death yak
 13373 | D:10     | Killed a death yak
 13373 | D:10     | Reached skill level 10 in Fighting
 13373 | D:10     | Reached skill level 10 in Shields
 13436 | D:10     | Noticed a centaur warrior
 13472 | D:10     | Killed a centaur warrior
 13662 | Lair:1   | Entered Level 1 of the Lair of Beasts
 13818 | Lair:1   | Noticed Gastronok
 13927 | Lair:1   | Killed Gastronok
 14000 | Lair:1   | Reached XP level 12. HP: 62/79 MP: 16/16
 14172 | D:10     | Reached skill level 11 in Fighting
 15093 | Lair:2   | Noticed Sonja
 15240 | Lair:2   | Noticed Prince Ribbit
 15262 | Lair:1   | Killed Prince Ribbit
 15333 | Lair:2   | Noticed Nergalle
 15397 | Lair:1   | Killed Nergalle
 15958 | Lair:2   | Reached skill level 12 in Fighting
 16811 | Lair:3   | Noticed a seven-headed hydra
 16833 | Lair:2   | Killed a seven-headed hydra
 17005 | Lair:3   | Reached XP level 13. HP: 87/87 MP: 17/17
 17350 | Lair:3   | Reached skill level 13 in Fighting
 17966 | D:9      | Got a bloodstained cloak
 17977 | D:9      | Identified the +0 cloak "Fivoad" {MR- Str+4 Int-5 Dex+8}
                  | (You found it on level 9 of the Dungeon)
 18238 | Lair:3   | Reached skill level 5 in Armour
 18646 | Lair:4   | Reached **** piety under the Shining One
 19486 | Lair:4   | Found a staircase to the Swamp.
 19906 | Lair:4   | Found a hole to the Spider Nest.
 20120 | Lair:4   | Reached skill level 14 in Fighting
 20325 | Lair:5   | Found a staircase to the Slime Pits.
 22615 | Lair:5   | Gained mutation: Your large and strong wings let you fly
                  | indefinitely. [Gargoyle growth]
 22615 | Lair:5   | Reached XP level 14. HP: 96/96 MP: 19/19
 22722 | Lair:6   | Entered Level 6 of the Lair of Beasts
 22908 | Lair:6   | Noticed Snorg
 22922 | Lair:6   | Killed Snorg
 23534 | Lair:6   | Noticed Nessos
 23535 | Lair:6   | Reached skill level 15 in Shields
 23664 | Lair:6   | Killed Nessos
 25378 | Slime:1  | Entered Level 1 of the Pits of Slime
 25379 | Slime:1  | Noticed an acid blob
 25969 | D:11     | Reached ***** piety under the Shining One
 26511 | D:11     | Found a portal to a secret trove of treasure.
 26511 | D:11     | Noticed Erolcha
 26516 | D:11     | Killed Erolcha
 26516 | D:11     | Reached skill level 1 in Dodging
 26796 | D:12     | Reached XP level 15. HP: 101/101 MP: 20/20
 26811 | D:12     | Noticed Josephine
 26853 | D:12     | Killed Josephine
 27101 | D:12     | Got a smoking plate armour
 27112 | D:12     | Identified the +7 plate armour "Voxepiehyu" {Int+3} (You
                  | found it on level 12 of the Dungeon)
 27333 | D:12     | Noticed Urug
 27339 | D:12     | Killed Urug
 27797 | D:12     | Found a staircase to the Orcish Mines.
 28087 | D:12     | Found Soibliph's Assorted Antiques.
 28092 | D:12     | Bought a large marble ring for 215 gold pieces
 28348 | D:13     | Found a gate to the Vaults.
 28393 | D:13     | Reached skill level 15 in Fighting
 29164 | D:14     | Found Lapsoghy's General Store.
 29164 | D:14     | Found Uthisson's Book Emporium.
 29383 | D:14     | Reached skill level 15 in Maces & Flails
 29901 | D:15     | Entered Level 15 of the Dungeon
 30411 | D:15     | Reached ****** piety under the Shining One
 30572 | D:15     | Reached XP level 16. HP: 108/108 MP: 22/22
 30784 | D:15     | Found a staircase to the Depths.
 31154 | Orc:1    | Entered Level 1 of the Orcish Mines
 31676 | Orc:2    | Entered Level 2 of the Orcish Mines
 31676 | Orc:2    | Found a staircase to the Elven Halls.
 32165 | Orc:2    | Noticed Saint Roka
 32383 | Orc:1    | Killed Saint Roka
 32604 | Orc:2    | Found a roughly hewn altar of Beogh.
 32923 | Orc:2    | Found Aloghy's General Store.
 32933 | Orc:2    | Found Puur's Antique Armour Shop.
 33185 | Orc:2    | Found Nupteut's Antique Weapon Shop.
 33200 | Orc:2    | Found Puguet's Jewellery Shop.
 33460 | Orc:2    | Reached skill level 5 in Dodging
 33634 | Orc:1    | Paralysed by an orc sorcerer for 4 turns
 33933 | Swamp:1  | Entered Level 1 of the Swamp
 34014 | Swamp:1  | Noticed Frances
 34128 | Swamp:1  | Killed Frances
 34397 | Swamp:1  | Identified Roxanne's Volume of Changing
 34397 | Swamp:1  | Noticed Roxanne
 34496 | Swamp:1  | Noticed Jorgrun
 34865 | Swamp:1  | Killed Jorgrun
 34865 | Swamp:1  | Reached skill level 10 in Invocations
 34919 | Swamp:1  | Noticed Donald
 34948 | Swamp:1  | Killed Donald
 35434 | Swamp:1  | Reached XP level 17. HP: 113/113 MP: 24/24
 36014 | Swamp:2  | Reached XP level 18. HP: 101/120 MP: 25/25
 36247 | Swamp:3  | Reached skill level 10 in Armour
 36484 | Swamp:3  | Reached skill level 16 in Fighting
 36711 | Swamp:3  | Noticed Mara
 36785 | Swamp:3  | Noticed FlyingSalmon's illusion
 36990 | Swamp:3  | Killed Mara
 37009 | Swamp:3  | Identified a +5 sacred scourge of holy wrath (a +3 demon
                  | whip of flaming blessed by the Shining One)
 37009 | Swamp:3  | Received a gift from the Shining One
 37146 | Lair:1   | Killed Sonja
 37206 | D:9      | Killed Grum
 37235 | D:9      | Fell from the grace of the Shining One
 37235 | D:9      | Became a worshipper of Zin the Law-Giver
 37235 | D:9      | Reached * piety under Zin
 37235 | D:9      | Reached ** piety under Zin
 37235 | D:9      | Reached *** piety under Zin
 37235 | D:9      | Reached **** piety under Zin
 37391 | Spider:1 | Entered Level 1 of the Spider Nest
 37771 | Spider:1 | Reached ***** piety under Zin
 38987 | Spider:2 | Noticed Arachne
 39065 | Spider:1 | Killed Arachne
 39729 | Spider:2 | Reached skill level 17 in Fighting
 41171 | Spider:3 | Reached XP level 19. HP: 127/128 MP: 27/27
 41319 | Spider:4 | Entered Level 4 of the Spider Nest
 43126 | Spider:4 | Got a gossamer rune of Zot
 43636 | Swamp:3  | Noticed Bai Suzhen
 43679 | Swamp:3  | Killed Bai Suzhen
 43858 | Swamp:4  | Entered Level 4 of the Swamp
 44752 | Swamp:4  | Noticed a bone dragon
 44783 | Swamp:4  | Killed a bone dragon
 45057 | Swamp:4  | Got a decaying rune of Zot
 45436 | Orc:2    | Bought runed gold dragon scales for 2158 gold pieces
 45651 | Depths:1 | Entered Level 1 of the Depths
 45740 | Depths:1 | Noticed a golden dragon
 45890 | Depths:1 | Killed a golden dragon
 45890 | Depths:1 | Reached XP level 20. HP: 136/136 MP: 27/30
 47012 | Depths:1 | Found a gateway to Hell.
 47018 | Depths:1 | Identified Gerugin's Grimoire of Shifting Enchantment
 47529 | Depths:1 | Found Iriskole's General Store.
 47755 | Depths:2 | Paralysed by a great orb of eyes for 2 turns
 47812 | Depths:1 | Reached skill level 18 in Fighting
 48048 | Depths:2 | Found a one-way gate to the infinite horrors of the Abyss.
 48351 | Depths:2 | Reached ****** piety under Zin
 48677 | Depths:2 | Paralysed by a great orb of eyes for 6 turns
 48827 | Depths:2 | Reached skill level 15 in Invocations
 49427 | Depths:2 | Found the +7 longbow "Piercer" {penet, EV-2}
 49545 | Depths:2 | Paralysed by a floating eye for 2 turns
 50414 | Depths:2 | Paralysed by a wizard for 5 turns
 50657 | Depths:2 | Reached XP level 21. HP: 133/142 MP: 32/32
 50764 | Depths:3 | Found Hefalata's Gadget Emporium.
 50789 | Depths:3 | Found Ereunett's Jewellery Boutique.
 50790 | Depths:3 | Found Zaniah's Gadget Emporium.
 51433 | Depths:3 | Identified the ring "Mecw" {+Fly rPois Str+2}
 51503 | Depths:3 | Paralysed by a floating eye for 3 turns
 51706 | Depths:3 | Found a one-way gate leading to the halls of Pandemonium.
 52068 | Depths:3 | Paralysed by a floating eye for 4 turns
 52079 | Depths:3 | Paralysed by a floating eye for 4 turns
 52501 | Depths:4 | Reached skill level 19 in Fighting
 53028 | Depths:4 | You are sucked into a shaft!
 53028 | Depths:5 | Entered Level 5 of the Depths
 53767 | Depths:5 | Found a gate to the Realm of Zot.
 53767 | Depths:5 | Noticed a bone dragon
 53821 | Depths:5 | Killed a bone dragon
 53915 | Depths:5 | Noticed a caustic shrike
 53956 | Depths:5 | Noticed a caustic shrike
 53961 | Depths:5 | Noticed a caustic shrike
 53978 | Depths:5 | Killed a caustic shrike
 53978 | Depths:5 | Reached XP level 22. HP: 135/150 MP: 34/34
 53996 | Depths:5 | Killed a caustic shrike
 54037 | Depths:5 | Killed a caustic shrike
 54998 | Depths:5 | Paralysed by something for 6 turns
 55166 | Depths:3 | Bought the amulet of Bisionuwk {Reflect Dex+4 SH+6} for
                  | 1699 gold pieces
 55172 | Depths:3 | Donated 6 gold pieces to Zin
 55173 | Depths:3 | Donated 3 gold pieces to Zin
 55174 | Depths:3 | Donated 2 gold pieces to Zin
 55184 | Depths:3 | Identified a scroll of acquirement
 55186 | Depths:3 | Got a twisted hat
 55197 | Depths:3 | Identified the +0 hat "Muroh" {rPois rN+} (You acquired it
                  | on level 3 of the Depths)
 55865 | Vaults:1 | Entered Level 1 of the Vaults
 56571 | Vaults:1 | Paralysed by a floating eye for 4 turns
 57042 | Vaults:1 | Reached skill level 20 in Fighting
 58706 | Vaults:2 | Paralysed by a great orb of eyes for 2 turns
 58725 | Vaults:2 | Paralysed by a vampire knight for 7 turns
 58757 | Vaults:2 | Paralysed by a great orb of eyes for 5 turns
 58789 | Vaults:1 | Reached XP level 23. HP: 70/156 MP: 32/35
 59644 | Vaults:2 | Paralysed by an ogre mage for 2 turns
 59859 | Vaults:2 | Found a staircase to the Crypt.
 60365 | Vaults:2 | Paralysed by an ogre mage for 4 turns
 61785 | Vaults:3 | You fall through a shaft!
 61817 | Vaults:4 | Noticed Frederick
 63478 | Vaults:4 | Killed Frederick
 63478 | Vaults:4 | Reached XP level 24. HP: 142/164 MP: 35/36
 65020 | Elf:1    | Entered Level 1 of the Elven Halls
 65323 | Elf:1    | Identified Fiawemes's Disquisition on Damage Dealing and
                  | Companions
 65457 | Elf:1    | Found a runed translucent gate.
 65457 | Elf:1    | Found a runed translucent gate.
 65458 | Elf:1    | Found a runed translucent gate.
 65461 | Elf:1    | Noticed BadLuckGaucho's ghost (adept NaIE)
 65586 | Elf:1    | Found Yfaaxuck's Magic Scroll Boutique.
 65598 | Elf:1    | Bought a scroll of enchant armour for 82 gold pieces
 65933 | Elf:1    | Killed BadLuckGaucho's ghost
 66103 | Elf:2    | Found a runed translucent gate.
 66103 | Elf:2    | Found a runed translucent gate.
 66103 | Elf:2    | Found a runed translucent gate.
 67081 | Elf:2    | Reached XP level 25. HP: 148/170 MP: 36/36
 67295 | Elf:3    | Entered Level 3 of the Elven Halls
 67548 | Elf:3    | Cast into level 2 of the Abyss (a deep elf demonologist)
 67581 | Abyss:2  | Found a corrupted altar of Lugonu.
 67637 | Elf:3    | Escaped the Abyss
 67645 | Elf:3    | Reached skill level 21 in Fighting
 67687 | Elf:3    | Identified the ring of Soocam {Wiz Int+2}
 67727 | Elf:3    | Identified the amulet "Ipnisom" {Acrobat Fragile rF+ MR+
                  | Slay+3}
 67731 | Elf:3    | Identified the amulet "Heuhasai" {*Drain rN+ Regen+ Int+4
                  | Slay+3}
 68170 | Elf:3    | Identified the ring "Ubin Dor" {Ice Str+8 Dex+2}
 68863 | Elf:3    | Identified Qeokh's Arcane Secrets of Thaumaturgy
 69527 | Elf:3    | Got a crude wooden ring
 69529 | Elf:3    | Identified the ring "Zifonwoc" {+Inv rC- Str+2 Int+3} (You
                  | found it on level 3 of the Elven Halls)
 69960 | Vaults:5 | Entered Level 5 of the Vaults
 70620 | Vaults:4 | Reached skill level 10 in Dodging
 70649 | Vaults:5 | Noticed an ancient lich
 70732 | Vaults:4 | Killed an ancient lich
 72384 | Vaults:5 | Noticed an ancient lich
 72490 | Vaults:4 | Paralysed by an ancient lich for 5 turns
 72509 | Vaults:4 | Killed an ancient lich
 72509 | Vaults:4 | Reached XP level 26. HP: 170/179 MP: 36/36
 72706 | Vaults:5 | Noticed an ancient lich
 72751 | Vaults:4 | Reached skill level 22 in Fighting
 73318 | Vaults:4 | Killed an ancient lich
 73318 | Vaults:4 | Reached skill level 15 in Armour
 73963 | Vaults:5 | Identified Ycam's Reference Book on the Torrid Mountains
 74036 | Vaults:5 | Got a silver rune of Zot
 74060 | Vaults:5 | Identified the Disquisition on Floating Poison
 74161 | Vaults:5 | Reached skill level 1 in Throwing
 74785 | Crypt:1  | Entered Level 1 of the Crypt
 75676 | Crypt:1  | You are sucked into a shaft!
 76185 | Crypt:2  | Reached skill level 5 in Throwing
 76253 | Crypt:1  | Found a deep blue altar of Sif Muna.
 76360 | Crypt:1  | Identified the amulet of Wuepiber {RegenMP Int+4 Stlth+}
 76796 | Crypt:2  | Reached skill level 23 in Fighting
 77240 | Depths:1 | Reached XP level 27. HP: 188/188 MP: 37/37
 77361 | Zot:1    | Entered Level 1 of the Realm of Zot
 79021 | Zot:2    | You are sucked into a shaft for 2 floors!
 79112 | Zot:3    | Noticed an orb of fire
 79182 | Zot:2    | Reached skill level 10 in Throwing
 80869 | Zot:3    | Killed an orb of fire
 81449 | Zot:3    | Identified the +2 buckler of Huokhlal {rPois rF- Dex-3
                  | SInv}
 82673 | Zot:3    | Reached skill level 24 in Fighting
 89806 | Slime:5  | Entered Level 5 of the Pits of Slime
 90068 | Slime:5  | Found a viscous altar of Jiyva.
 90069 | Slime:5  | Noticed the Royal Jelly
 90415 | Slime:5  | Killed the Royal Jelly
 91139 | Slime:5  | Gained mutation: You are dopey. (Int -2) [a shining eye]
 91194 | Slime:5  | Got a slimy rune of Zot
 91297 | Slime:5  | Gained mutation: Your spells are a little easier to cast,
                  | but a little less powerful. [a shining eye]
 91378 | Slime:5  | Got a sparkling lapis lazuli ring
 91379 | Slime:5  | Identified the ring of Qazlal's Indignation {Wiz rC++ Dex-2
                  | Slay+5 SInv} (You found it on level 5 of the Pits of Slime)
 92276 | Slime:4  | Noticed Dissolution
 92288 | Slime:4  | Killed Dissolution
 92793 | Depths:2 | Voluntarily entered the Abyss.
 92849 | Abyss:1  | Found a radiant altar of Vehumet.
 93117 | Depths:2 | Escaped the Abyss
 93119 | Depths:2 | Voluntarily entered the Abyss.
 93144 | Abyss:1  | Paralysed by accursed screaming for 1 turns
 93147 | Abyss:1  | Paralysed by accursed screaming for 1 turns
 93188 | Abyss:3  | Found a basalt altar of Yredelemnul.
 93491 | Abyss:3  | Paralysed by accursed screaming for 1 turns
 93494 | Abyss:3  | Paralysed by accursed screaming for 1 turns
 93740 | Abyss:5  | Entered Level 5 of the Abyss
 93740 | Abyss:5  | Entered Level 5 of the Abyss
 93801 | Abyss:5  | Paralysed by accursed screaming for 1 turns
 93932 | Abyss:5  | Found a corrupted altar of Lugonu.
 93999 | Abyss:5  | Lost intelligence.
 94003 | Abyss:5  | Lost mutation: Your spells are a little easier to cast, but
                  | a little less powerful. [potion of mutation]
 94003 | Abyss:5  | Lost mutation: You are dopey. (Int -2) [potion of mutation]
 94031 | Depths:2 | Escaped the Abyss
 94192 | Depths:2 | Voluntarily entered the Abyss.
 94530 | Depths:2 | Escaped the Abyss
 94630 | Depths:2 | Voluntarily entered the Abyss.
 95007 | Abyss:2  | Paralysed by accursed screaming for 2 turns
 95013 | Abyss:2  | Paralysed by accursed screaming for 1 turns
 95291 | Abyss:3  | Got an abyssal rune of Zot
 95393 | Depths:2 | Escaped the Abyss
 96072 | Crypt:3  | Entered Level 3 of the Crypt
 96230 | Crypt:3  | Found an ancient bone altar of Kikubaaqudgha.
 96719 | Crypt:3  | Reached skill level 25 in Fighting
 96801 | Crypt:3  | Identified the Papyrus of Black Arts
 96918 | Crypt:3  | Found a staircase to the Tomb.
 96918 | Crypt:3  | Noticed an ancient lich
 96951 | Crypt:3  | Killed an ancient lich
 97633 | Depths:2 | Voluntarily entered the Abyss.
 97656 | Abyss:1  | Found a corrupted altar of Lugonu.
 98523 | Depths:2 | Escaped the Abyss
 98565 | Depths:2 | Voluntarily entered the Abyss.
 98996 | Depths:2 | Escaped the Abyss
 99008 | Depths:2 | Voluntarily entered the Abyss.
 99179 | Depths:2 | Escaped the Abyss
 99422 | Elf:1    | Bought a scroll of identify for 22 gold pieces
 99584 | D:12     | Bought a scroll of identify for 86 gold pieces
 99680 | Orc:2    | Bought a scroll of identify for 26 gold pieces
 99775 | D:12     | Bought a scroll of identify for 86 gold pieces
 99775 | D:12     | Bought a scroll of identify for 86 gold pieces
 99835 | D:11     | You paid a toll of 21 scrolls of identify to enter a
                  | treasure trove
 99836 | Trove    | Entered a treasure trove
 99846 | Trove    | Got a bound garnet amulet
 99850 | Trove    | Got a wavering steel amulet
 99855 | Trove    | Got a twisted cloak
 99898 | Trove    | Identified the amulet "Avuodd" {RegenMP rC+} (You found it
                  | in a treasure trove)
 99899 | Trove    | Identified the amulet of Wishful Thinking {Harm *Drain +Fly
                  | rF- Dex+6 Slay+5} (You found it in a treasure trove)
 99910 | Trove    | Identified the +2 cloak of Imperfection {rF+ Str+4} (You
                  | found it in a treasure trove)
100567 | Depths:4 | Found a corrupted altar of Lugonu.
100671 | Depths:4 | Found a gateway to a ziggurat.
101074 | Depths:4 | Found Lolixt's Distillery.
101082 | Depths:4 | Bought a potion of curing for 48 gold pieces
101082 | Depths:4 | Bought a potion of haste for 160 gold pieces
101082 | Depths:4 | Bought a potion of heal wounds for 80 gold pieces
101082 | Depths:4 | Bought a potion of heal wounds for 80 gold pieces
102353 | Zot:5    | Entered Level 5 of the Realm of Zot
103053 | Zot:5    | Noticed an ancient lich
103075 | Zot:5    | Killed an ancient lich
103154 | Zot:5    | Noticed an orb of fire
103181 | Zot:5    | Killed an orb of fire
103487 | Zot:5    | Noticed an ancient lich
103514 | Zot:5    | Killed an ancient lich
103574 | Zot:5    | Noticed an ancient lich
103574 | Zot:5    | Noticed an ancient lich
103594 | Zot:5    | Killed an ancient lich
103594 | Zot:5    | Reached skill level 15 in Throwing
103598 | Zot:5    | Killed an ancient lich
103847 | Zot:5    | Noticed an orb of fire
103857 | Zot:5    | Noticed an ancient lich
103866 | Zot:5    | Noticed an ancient lich
103871 | Zot:5    | Killed an orb of fire
103885 | Zot:5    | Killed an ancient lich
103903 | Zot:5    | Killed an ancient lich
103918 | Zot:5    | Reached skill level 26 in Fighting
104315 | Zot:5    | Noticed an ancient lich
104349 | Zot:5    | Killed an ancient lich
104569 | Zot:5    | Got the Orb of Zot
104699 | Zot:2    | Noticed Fave the pandemonium lord
105044 | D:5      | Noticed a seraph
105213 | D:$      | Escaped with the Orb!

Skill      XL: |  1  2  3  4  5  6  7  8  9 10 11 12 13 14 15 16 17 18 19 20 21 22 23 24 25 26 27 |
---------------+----------------------------------------------------------------------------------+-----
Shields        | 4 5 6 7 8 9 10 12 14 15 16 17 18 19 21 22 23 24 25 | 25.0
Fighting       | 4 5 6 7 8 9 10 12 14 15 17 18 19 20 21 23 26 | 26.1
Maces & Flails | 3 4 5 7 9 10 12 14 15 16 17 18 21 | 21.5
Invocations    | 1 3 5 6 7 9 10 11 14 15 16 17 18 19 20 22 | 22.9
Armour         | 5 7 9 10 12 13 16 21 | 21.4
Dodging        | 1 4 5 7 9 10 14 | 14.7
Throwing       | 7 15 | 15.5

Action                   |  1- 3 |  4- 6 |  7- 9 | 10-12 | 13-15 | 16-18 | 19-21 | 22-24 | 25-27 || total
-------------------------+-------+-------+-------+-------+-------+-------+-------+-------+-------++-------
Melee: Flail             |   134 |   137 |    21 |       |       |       |       |       |       ||   292
       Whip              |       |       |   681 |  1256 |   715 |       |       |       |       ||  2652
       Unarmed           |       |       |     3 |       |       |       |       |       |       ||     3
       Morningstar       |       |       |       |       |   684 |     6 |       |       |       ||   690
       Eveningstar       |       |       |       |       |   332 |  1216 |  1459 |  1582 |  2291 ||  6880
       Sacred scourge    |       |       |       |       |       |    13 |   488 |   158 |  1800 ||  2459
Throw: Stone             |       |    15 |   161 |   308 |   310 |   387 |   147 |       |   147 ||  1475
       Tomahawk          |       |       |       |     6 |       |       |   126 |    33 |   496 ||   661
       Javelin           |       |       |       |       |       |       |       |   147 |   266 ||   413
Invok: Lesser Healing    |       |     2 |       |       |       |       |       |       |       ||     2
       Heal Other        |       |       |     5 |       |       |       |       |       |       ||     5
       Divine Shield     |       |       |       |    10 |    15 |    15 |       |       |       ||    40
       Cleansing Flame   |       |       |       |       |     3 |       |       |       |       ||     3
       Recite            |       |       |       |       |       |     5 |    68 |    99 |   196 ||   368
       Vitalisation      |       |       |       |       |       |     3 |    21 |    20 |    69 ||   113
       Brand Weapon With |       |       |       |       |       |     1 |       |       |       ||     1
       Donate Gold       |       |       |       |       |       |       |       |     4 |       ||     4
       Sanctuary         |       |       |       |       |       |       |       |     1 |     1 ||     2
 Abil: Fly               |       |       |       |       |     1 |       |       |       |     1 ||     2
       Stop Flying       |       |       |       |       |       |       |       |     1 |       ||     1
Evoke: Wand              |       |       |       |       |       |       |     3 |       |     1 ||     4
  Use: Scroll            |     3 |       |     4 |     6 |    17 |     7 |    12 |     7 |    31 ||    87
       Potion            |       |       |       |     2 |     1 |     2 |     1 |     5 |    11 ||    22
 Stab: Paralysed         |       |       |       |       |       |       |     7 |    19 |     8 ||    34
       Confused          |       |       |       |       |       |       |     6 |    54 |    54 ||   114
       Invisible         |       |       |       |       |       |       |     1 |     6 |     4 ||    11
       Fleeing           |       |       |       |       |       |       |       |     1 |       ||     1
       Distracted        |       |       |       |       |       |       |       |     2 |       ||     2
  Eat: Chunk             |     2 |     6 |    12 |    23 |    33 |    26 |    10 |     1 |    10 ||   123
       Ration            |       |     1 |     2 |     1 |     4 |     3 |    10 |    12 |    34 ||    67
Armor: Scale mail        |    78 |    69 |    67 |       |       |       |       |       |       ||   214
       Chain mail        |       |       |   211 |   257 |   271 |       |       |       |       ||   739
       Plate armour      |       |       |    42 |   106 |    92 |   440 |   471 |       |       ||  1151
       Skin              |       |       |     2 |       |       |       |       |       |       ||     2
       Gold dragon scale |       |       |       |       |       |       |   331 |   453 |  1242 ||  2026
Dodge: Dodged            |    37 |    30 |   112 |   111 |   123 |   142 |   260 |   126 |   791 ||  1732
Block: Shield            |    65 |    61 |   298 |   356 |       |       |       |       |       ||   780
       Large shield      |       |       |       |   561 |  1982 |  1861 |  2504 |  2025 |  4768 || 13701
       Reflection        |       |       |       |       |       |       |       |   205 |    39 ||   244
